 Dungeon Crawl Stone Soup version 0.30.1-9-gdf580d7c3d (webtiles) character file.

Game seed: 7392140777775176439

469 Klatu the Grasshopper (level 7, 32/46 HPs)
             Began as a Meteoran Warper on Oct 11, 2023.
             Quit the game in a sewer.
             The game lasted 00:25:27 (2454 turns).

Klatu the Grasshopper (Meteoran Warper)             Turns: 2454, Time: 00:25:27

Health: 32/46      AC:  5    Str: 19    XL:     7   Next: 56%
Magic:  15/15      EV: 12    Int: 21    God:
Gold:   206        SH:  0    Dex: 14    Spells: 13/15 levels left

rFire   x . .        j - +2 whip (elec)
rCold   . . .        (no shield)
rNeg    . . .        i - +2 leather armour of Jogg {rF- Str+4 Int+7}
rPois   +            (no helmet)
rElec   .            (no cloak)
rCorr   .            (no gloves)
SInv    .            (no boots)
Will    .....        (no amulet)
Stlth   +            f - ring of poison resistance
HPRegen 0.27/turn    p - +4 ring of slaying
MPRegen 0.14/turn

%: no passive effects
@: glowing
A: sense surroundings 1, otherworldly, glowing, explore regen
a: no special abilities


You were in a sewer.
You visited 1 branch of the dungeon, and saw 5 of its levels.
You also visited: Sewer.

You collected 206 gold pieces.

Inventory:

Hand Weapons
 b - a +1 heavy hand axe
 j - a +2 whip of electrocution (weapon)
Missiles
 d - 3 boomerangs of dispersal (quivered)
Armour
 i - the +2 leather armour of Jogg (worn) {rF- Str+4 Int+7}
   (You found it on level 4 of the Dungeon)

   Str:       It affects your strength (+4).
   Int:       It affects your intelligence (+7).
   rF:        It makes you vulnerable to fire.
Jewellery
 f - a ring of poison resistance (left hand)
 p - a +4 ring of slaying (right hand)
 y - the amulet "Xouwn" {Acrobat -Cast rN+ Will+ Regen+}
   (You found it on level 4 of the Dungeon)

   [amulet of the acrobat]

   It increases your evasion while moving and waiting.
   rN:        It protects you from negative energy.
   -Cast:     It prevents spellcasting.
   Regen:     It increases your rate of health regeneration.
   Will:      It increases your willpower.
Wands
 q - a wand of polymorph (8)
Scrolls
 g - 2 scrolls of immolation
 h - a scroll of torment {unknown}
 k - 2 scrolls of fog {unknown}
 l - a scroll of teleportation
 r - a scroll of magic mapping {unknown}
 s - a scroll of butterflies {unknown}
 u - a scroll of acquirement {unknown}
 v - a scroll of enchant armour {unknown}
 x - a scroll of noise {unknown}
Potions
 a - a potion of lignification {unknown}
 e - 3 potions of heal wounds
 m - a potion of mutation {unknown}
 n - 5 potions of curing
 o - a potion of berserk rage {unknown}
 t - a potion of magic {unknown}
 A - a potion of brilliance {unknown}


   Skills:
 * Level 4.6 Fighting
 - Level 3.8(4.2) Axes
 + Level 3.0(4.1) Maces & Flails
 - Level 1.2 Throwing
 - Level 1.2 Armour
 - Level 2.4 Dodging
 * Level 4.9 Spellcasting
 * Level 5.5 Translocations


You had 13 spell levels left.
You knew the following spells:

 Your Spells              Type           Power      Damage    Failure   Level
a - Blink                 Tloc           56%        N/A       1%          2

Your spell library contained the following spells:

 Spells                   Type           Power      Damage    Failure   Level
 Lesser Beckoning         Tloc           56%        N/A       1%          2
 Teleport Other           Tloc           28%        N/A       4%          3
 Vhi's Electric Charge    Tloc/Air       32%        N/A       13%         3
 Volatile Blastmotes      Fire/Tloc      32%        2d12      13%         3
 Manifold Assault         Tloc           28%        N/A       13%         4
 Dazzling Flash           Conj/Hex       10%        N/A       36%         3
 Iskenderun's Mystic Bla  Conj/Tloc      16%        2d5       38%         4
 Starburst                Conj/Fire      2%         6d3       100%        6


Dungeon Overview and Level Annotations

Branches:
Dungeon (5/15) Zot: 749     Sewer (1/1) Zot: 599
 Temple: D:4-7

Altars:
Elyvilon
Fedhas
Makhleb
Nemelex Xobeh
Ru
Sif Muna
Uskayaw
Xom

Shops:
D:3 =


Innate Abilities, Weirdness & Mutations

You passively map a small area around you.
You are easily found by Zot.
You glow in the dark.
You regain HP and MP as you explore.


Message History

Beogh smites you!
You whack the orc!
You kill the orc!
You hear a splash. x2
You hit the orc. Lightning courses through the orc!
You kill the orc!
You hear a splash.
You closely miss the orc priest.
The orc priest splashes around in the water.
You hit the orc priest but do no damage.
You barely miss the orc priest.
The orc priest splashes around in the water.
You whack the orc priest!
The orc priest is heavily wounded.
The orc priest hits you with a +0 mace.
You hit the orc priest.
The orc priest is heavily wounded.
The orc priest suddenly cheers.
The orc priest casts a cantrip, but nothing happens.
You hit the orc priest.
The orc priest is severely wounded.
The orc priest begins to cast a cantrip, but forgets the words!
You whack the orc priest!
You kill the orc priest!
You hear a splash. x2
Your base Maces & Flails skill increases to level 3!
The world spins around you as you enter the gateway.
You enter a sewer!
Found a gate leading back out of this place.
There is an empty arch of ancient stone here.
Welcome back, Klatu the Meteoran Warper.
Press ? for a list of commands and other information.
Welcome back, Klatu the Meteoran Warper.
Press ? for a list of commands and other information.
Saving game... please wait.
Welcome back, Klatu the Meteoran Warper.
Press ? for a list of commands and other information.
Save game and exit?
Okay, then.
Are you sure you want to abandon this character and quit the game? (Confirm with "yes".)

## * ##≈## ~
~ #≈≈≈### ~
~#≈≈≈≈≈# ~~
~#≈≈≈≈≈##
#.≈≈≈≈≈#
PP#~#....≈≈##
#PP.P.∩@....#
~
###P........#
#######...# ~
~ ..P# P.# ,~
~.# * .# * ##
,


There were no monsters in sight!

Vanquished Creatures
  Pargi (D:4)
  A hound (D:4)
  3 orc priests
  A sleepcap (D:4)
  An iguana (D:5)
  2 orc wizards (D:4)
  A gnoll (D:1)
  7 adders
  2 worms (D:2)
  A dart slug (D:4)
  11 orcs
  5 ball pythons
  7 endoplasms
  3 giant cockroaches
  5 goblins
  4 hobgoblins
  A quokka (D:1)
  3 bats (D:1)
  8 kobolds
  4 rats
71 creatures vanquished.

Notes
Turn   | Place    | Note
-------+----------+-------------------------------------------
     0 | D:1      | Klatu the Meteoran Warper began the quest for the Orb.
     0 | D:1      | Reached XP level 1. HP: 17/17 MP: 5/5
     4 | D:1      | Noticed a demonspawn zombie
     6 | D:1      | Noticed a minotaur zombie
     8 | D:1      | Noticed a demonspawn zombie
     9 | D:1      | Noticed a minotaur zombie
    13 | D:1      | Noticed a minotaur zombie
    98 | D:1      | Reached XP level 2. HP: 23/24 MP: 6/6
   113 | D:1      | Found a faded altar of an unknown god.
   121 | D:1      | Learned a level 2 spell: Blink
   249 | D:1      | Reached XP level 3. HP: 25/29 MP: 8/8
   494 | D:1      | Glimpsed the power of Zot.
   513 | D:2      | Reached XP level 4. HP: 28/37 MP: 9/9
   711 | D:2      | Reached skill level 1 in Maces & Flails
   849 | D:2      | Reached skill level 4 in Translocations
   880 | D:2      | Reached XP level 5. HP: 42/45 MP: 10/10
   995 | D:3      | Found Cuatzy's Jewellery Shoppe.
  1015 | D:3      | Found a sacrificial altar of Ru.
  1194 | D:3      | Found a shimmering altar of Xom.
  1196 | D:3      | Found a blossoming altar of Fedhas.
  1196 | D:3      | Found a snail-covered altar of Cheibriados.
  1198 | D:3      | Found a shimmering blue altar of Sif Muna.
  1198 | D:3      | Found a sparkling altar of Nemelex Xobeh.
  1198 | D:3      | Found a shimmering altar of Xom.
  1232 | D:3      | Found a hide-covered altar of Uskayaw.
  1375 | D:3      | Found a burning altar of Makhleb.
  1708 | D:4      | Identified the amulet "Xouwn" {Acrobat -Cast rN+ Will+
                  | Regen+}
  1857 | D:4      | Noticed Pargi
  1884 | D:4      | Reached XP level 6. HP: 48/52 MP: 12/12
  1914 | D:4      | Found a white marble altar of Elyvilon.
  2038 | D:4      | Reached skill level 5 in Translocations
  2136 | D:4      | Killed Pargi
  2137 | D:4      | Reached XP level 7. HP: 34/60 MP: 14/14
  2162 | D:4      | Identified the +2 leather armour of Jogg {rF- Str+4 Int+7}
  2303 | D:4      | Glimpsed the power of Zot.
  2353 | D:4      | Glimpsed the power of Zot.
  2394 | D:4      | Glimpsed the power of Zot.
  2404 | D:4      | Touched by the power of Zot.
  2410 | D:5      | Entered Level 5 of the Dungeon
  2410 | D:5      | Noticed a yak
  2410 | D:5      | Noticed a yak
  2410 | D:5      | Noticed a yak
  2410 | D:5      | Noticed a yak
  2410 | D:5      | Noticed a yak
  2427 | D:5      | Found a glowing drain.
  2453 | Sewer    | Entered a sewer
  2454 | Sewer    | Quit the game

Illustrated notes

Levels and vault maps discovered:
D:1:      shiori_arrival_whats_in_store_for_you, layout_rooms,
          basic_ecumenical_altar, st_stairs_9
D:2:      layout_basic
D:3:      layout_rooms, eat_drink_and_be_merry_uskayaw, doesnt_xom_only_xom,
          lemuel_coloured_pillars_altar, nicolae_ru_path_of_blood, serial_shops,
          shop_fountains
D:4:      layout_cave_pods, mainiacjoe_overflow_six_doors_small,
          serial_co_window_serial, co_window_paths_b, co_window_corner_a,
          co_window_corner_a, co_window_paths_a, co_window_paths_b,
          co_window_unsneaky_path_d, co_window_of_opportunity_c,
          co_window_paths_c, co_window_corner_b, glass_columns_a,
          glass_columns_a, glass_columns_a, glass_columns_a, glass_columns_c,
          minmay_misc_feat_more_columns, hellmonk_no_cap, uniq_pargi
D:5:      layout_basic, serial_glass, glass_columns_a, glass_columns_b,
          portal_sewer_entry_d
Sewer:    sewer_co_scattered_pipes

Skill      XL: |  1  2  3  4  5  6  7 |
---------------+----------------------+-----
Axes           | 3 |  3.8
Fighting       | 3 4 |  4.6
Spellcasting   | 3 4 |  4.9
Maces & Flails | 1 2 3 |  3.0
Translocations | 4 5 |  5.5
Throwing       | |  1.2
Armour         | |  1.2
Dodging        | |  2.4

Action                     |  1- 3 |  4- 6 |  7- 9 || total
---------------------------+-------+-------+-------++-------
  Melee: Hand axe          |    45 |       |       ||    45
         Whip              |    36 |   121 |    27 ||   184
         Punch             |     1 |     1 |       ||     2
  Throw: Boomerang         |     4 |       |       ||     4
    Use: Scroll            |       |     5 |     2 ||     7
 Armour: Leather armour    |    33 |    10 |     2 ||    45
         Ring mail         |       |    27 |       ||    27
  Dodge: Dodged            |    44 |    39 |     4 ||    87
